 Dungeon Crawl Stone Soup version 0.28-a0-563-gf77a47075d (webtiles) character file.

Game seed: 13442771432780498494

917 Armakuni the Conjurer (level 8, -8/52 HPs)
             Began as a Human Conjurer on Sept 29, 2021.
             Was an Initiate of Vehumet.
             Killed from afar by Maggie (23 damage)
             ... with a bolt of fire
             ... on level 7 of the Dungeon.
             The game lasted 00:12:13 (6840 turns).

Armakuni the Conjurer (Human Conjurer)              Turns: 6840, Time: 00:12:13

Health: -8/52      AC:  8    Str:  9    XL:     8   Next: 31%
Magic:  13/15      EV: 10    Int: 19    God:    Vehumet [......]
Gold:   96         SH:  6    Dex: 12    Spells: 9/16 levels left

rFire   . . .      SeeInvis +   a - +0 falchion
rCold   . . .      Faith    .   m - +1 buckler
rNeg    . . .      Spirit   .   q - +0 ring mail
rPois   .          Reflect  .   i - +2 hat
rElec   .          Harm     .   (no cloak)
rCorr   .          Rampage  .   (no gloves)
Will    .....                   l - +0 pair of boots
Stlth   +.........              (no amulet)
HPRegen 0.17/turn               W - ring of wizardry
MPRegen 0.14/turn               I - ring of see invisible

@: no status effects
A: no striking features
a: Renounce Religion


You were on level 7 of the Dungeon.
You worshipped Vehumet.
Vehumet was noncommittal.
You visited 2 branches of the dungeon, and saw 8 of its levels.

You collected 265 gold pieces.
You spent 169 gold pieces at shops.

Inventory:

Hand Weapons
 a - a +0 falchion (weapon)
Missiles
 d - 4 boomerangs of dispersal
Armour
 h - a +0 scale mail
 i - a +2 hat (worn)
 l - a +0 pair of boots (worn)
 m - a +1 buckler (worn)
 q - a +0 ring mail (worn)
Magical Staves
 b - a staff of cold
Jewellery
 I - a ring of see invisible (right hand)
 J - a ring of ice
 L - a ring of flight
 W - a ring of wizardry (left hand)
Wands
 c - a wand of mindburst (12)
 j - a wand of iceblast (26)
Scrolls
 o - a scroll of identify
 r - a scroll of noise
Potions
 e - 2 potions of degeneration {unknown}
 f - a potion of mutation
 g - 2 potions of haste
 k - 2 potions of brilliance {unknown}
 n - 6 potions of curing {unknown}
 p - a potion of invisibility {unknown}
 s - a potion of heal wounds


   Skills:
 - Level 2.0 Dodging
 - Level 2.0 Stealth
 - Level 4.0 Shields
 + Level 4.7 Spellcasting
 + Level 6.1 Conjurations
 - Level 4.0 Evocations


You had 9 spell levels left.
You knew the following spells:

 Your Spells              Type           Power      Damage    Failure   Level
a - Magic Dart            Conj           100%       1d8       1%          1
m - Iskenderun's Mystic   Conj/Tloc      16%        2d5       36%         4
z - Searing Ray           Conj           54%        2d6       1%          2

Your spell library contained the following spells:

 Spells                   Type           Power      Damage    Failure   Level
 Dazzling Flash           Conj/Hex       32%        N/A       12%         3
 Ensorcelled Hibernation  Hex/Ice        8%         N/A       21%         2
 Fulminant Prism          Conj/Hex       8%         3d7       36%         4
 Gell's Gravitas          Tloc           2%         N/A       38%         3
 Lesser Beckoning         Tloc           4%         N/A       38%         3
 Teleport Other           Tloc           4%         N/A       38%         3
 Tukima's Dance           Hex            4%         N/A       38%         3
 Leda's Liquefaction      Hex/Erth       2%         N/A       77%         4
 Lee's Rapid Deconstruct  Erth           2%         3d5*      98%         5
 Statue Form              Tmut/Erth      2%         N/A       100%        6


Dungeon Overview and Level Annotations

Branches:
Dungeon (7/15)             Temple (1/1) D:4

Altars:
Ashenzari
Cheibriados
Dithmenos
Elyvilon
Fedhas
Gozag
Hepliaklqana
Kikubaaqudgha
Makhleb
Nemelex Xobeh
Okawaru
Qazlal
Ru
Sif Muna
Trog
Uskayaw
Vehumet
Wu Jian
Xom
Yredelemnul
Zin
The Shining One

Shops:
D:1 [   D:3 *

Annotations:
D:7 Duvessa, Maggie


Message History

Aim: a wyvern (heavily wounded)
The mass of ice explodes!
The iceblast engulfs the wyvern!
The wyvern is severely wounded.
The iceblast engulfs Menkaure!
Menkaure partially resists.
Menkaure is heavily damaged.
You hear a shout! x6
Menkaure gestures wildly while chanting.
Menkaure seems to speed up.
Aiming: Iceblast
Press: ? - help, Shift-Dir - straight line, f/p - wyvern
Aim: a wyvern (severely wounded)
The mass of ice explodes!
The iceblast engulfs the wyvern!
You kill the wyvern!
Vehumet accepts your kill.
You hear a shout! x2
A centaur zombie comes into view.
Aiming: Iceblast
Press: ? - help, Shift-Dir - straight line, f - Menkaure
Aim: Menkaure (heavily damaged, fast)
The mass of ice explodes!
The iceblast engulfs Menkaure!
Menkaure partially resists.
Menkaure is almost destroyed.
You hear a shout!
Menkaure calls on the powers of darkness!
Your body is wracked with pain!
* * * LOW HITPOINT WARNING * * *
The gnoll convulses!
Maggie the Vainglorious comes into view.
She is wielding a +0 halberd and carrying a wand of mindburst (9).
Aiming: Iceblast
Press: ? - help, Shift-Dir - straight line, f/p - Menkaure
Aim: Menkaure (almost destroyed, fast)
The mass of ice explodes!
The iceblast engulfs Menkaure!!
Menkaure partially resists.
You destroy Menkaure!
Vehumet accepts your kill.
A gnoll comes into view. It is wielding a +0 halberd.
Your Conjurations skill increases to level 6!
Maggie gestures at you while chanting. The bolt of fire hits you!!
You die...

.#.##. . ## .. ... ..
..##...... .#. .......
>... ..†#.. .....##...#
.....!....##### #..
........@.......
..###.#.#....g.......
#..#.........g.....@.
##...)................
.........Z.........<.
#....................
####†#........g.........
)e.........##.#.........
###..#####.#


You could see Maggie, 3 gnolls and a centaur zombie.

Vanquished Creatures
  A wyvern (D:7)
  Menkaure (D:7)
  An ogre (D:4)
  A scorpion (D:5)
  Dowan (D:7)
  2 centaur zombies
  A bullfrog zombie (D:5)
  3 hounds
  A gnoll shaman (D:5)
  A bullfrog skeleton (D:3)
  2 iguanas
  Natasha (D:2)
  7 gnolls
  3 adders
  An ufetubus (D:6)
  3 dart slugs
  3 orcs (D:4)
  12 endoplasms
  4 giant cockroaches
  8 goblins
  7 hobgoblins
  4 jackals (D:2)
  9 kobolds
  2 ball pythons
  5 bats (D:1)
  7 frilled lizards
  6 rats
97 creatures vanquished.

Notes
Turn   | Place    | Note
-------+----------+-------------------------------------------
     0 | D:1      | Armakuni the Human Conjurer began the quest for the Orb.
     0 | D:1      | Reached XP level 1. HP: 13/13 MP: 3/3
   358 | D:1      | Reached XP level 2. HP: 18/19 MP: 1/5
   432 | D:1      | Found Nodeamer's Antique Armour Emporium.
   712 | D:1      | Found a faded altar of an unknown god.
   848 | D:1      | Reached XP level 3. HP: 24/24 MP: 0/6
  1007 | D:1      | Learned a level 2 spell: Searing Ray
  1474 | D:2      | Reached XP level 4. HP: 30/30 MP: 4/8
  1708 | D:2      | Noticed Natasha
  1713 | D:2      | Killed Natasha
  2052 | D:2      | Reached skill level 5 in Conjurations
  2145 | D:2      | Found a glowing golden altar of the Shining One.
  2644 | D:3      | Found Zemir's General Store.
  2651 | D:3      | Bought a potion of mutation for 104 gold pieces
  2698 | D:3      | Reached XP level 5. HP: 35/35 MP: 4/10
  3058 | D:3      | Reached skill level 1 in Shields
  3058 | D:3      | Reached skill level 1 in Evocations
  3470 | D:4      | Found a staircase to the Ecumenical Temple.
  3482 | Temple   | Entered the Ecumenical Temple
  3521 | Temple   | Became a worshipper of Vehumet
  3976 | D:4      | Noticed an ogre
  3980 | D:4      | Killed an ogre
  3981 | D:4      | Reached XP level 6. HP: 6/41 MP: 5/11
  5014 | D:5      | Entered Level 5 of the Dungeon
  5049 | D:5      | Reached XP level 7. HP: 46/46 MP: 4/12
  5764 | D:6      | Noticed a two-headed ogre
  5848 | D:3      | Bought a potion of heal wounds for 65 gold pieces
  6063 | D:6      | Learned a level 4 spell: Iskenderun's Mystic Blast
  6728 | D:7      | Noticed Dowan
  6770 | D:7      | Killed Dowan
  6771 | D:7      | Reached XP level 8. HP: 41/52 MP: 3/14
  6792 | D:7      | Noticed Duvessa
  6835 | D:7      | Noticed Menkaure
  6835 | D:7      | Noticed a wyvern
  6837 | D:7      | Killed a wyvern
  6838 | D:7      | Noticed Maggie
  6839 | D:7      | Killed Menkaure
  6840 | D:7      | Reached skill level 6 in Conjurations
  6840 | D:7      | Killed from afar by Maggie

Illustrated notes

Levels and vault maps discovered:
D:1:      mrwooster_arrival_statue_2, layout_loops_ring, serial_shops,
          nicolae_shop_statue_plus, hellmonk_ecumenical_altar_slurped_away
D:2:      layout_loops_cross, basic_altar, uniq_natasha
D:3:      layout_loops_cross, serial_shops, nicolae_shop_statue_plus,
          serial_rivers, chequers_serial_rivers_room_a,
          chequers_serial_rivers_small_b, chequers_serial_rivers_marsh,
          chequers_serial_rivers_micro_a, chequers_serial_rivers_micro_c,
          chequers_serial_rivers_room_a
D:4:      layout_loops_ring, minmay_temple_entry_junction,
          minmay_misc_feat_five, minmay_diced_spiral
D:5:      layout_rooms
D:6:      layout_basic
D:7:      layout_rooms, uniq_duvessa, uniq_menkaure, uniq_maggie
Temple:   nicolae_temple_the_god_donut

Skill      XL: |  1  2  3  4  5  6  7  8 |
---------------+-------------------------+-----
Spellcasting   | 3 4 |  4.7
Conjurations   | 5 6 |  6.1
Shields        | 2 3 4 |  4.0
Evocations     | 2 3 4 |  4.0
Dodging        | |  2.0
Stealth        | |  2.0

Action                   |  1- 3 |  4- 6 |  7- 9 || total
-------------------------+-------+-------+-------++-------
Melee: Staff             |    13 |       |       ||    13
       Falchion          |       |     5 |     3 ||     8
 Cast: Magic Dart        |    50 |       |       ||    50
       Searing Ray       |     8 |    45 |    16 ||    69
Evoke: Wand              |       |       |     5 ||     5
  Use: Scroll            |       |     4 |     2 ||     6
Armor: Robe              |     7 |       |       ||     7
       Ring mail         |       |     9 |    21 ||    30
Dodge: Dodged            |    14 |    21 |    18 ||    53
Block: Buckler           |       |     5 |    10 ||    15

Table legend: (Time is in decaauts)
 A = Elapsed time spent in this place.
 B = Non-inter-level travel time spent in this place.
 C = Inter-level travel time spent in this place.
 D = Time resting spent in this place.
 E = Time spent auto-exploring this place.
 F = Levels seen in this place.
 G = Mean time per level.
                   A        B        C        D        E       F      G
               +--------+--------+--------+--------+--------+-----+--------+
         Total |   6848 |   6577 |    271 |   1458 |   4073 |   8 |  856.0 |
       Dungeon |   6568 |   6313 |    255 |   1458 |   3832 |   7 |  938.3 |
        Temple |    280 |    264 |     16 |      0 |    241 |   1 |  280.0 |
               +--------+--------+--------+--------+--------+-----+--------+

Top non-repeatable levels by time:
     D:4: 1436 daAuts
     D:1: 1225 daAuts
     D:2: 1100 daAuts
     D:3: 1058 daAuts
     D:6: 884 daAuts
     D:5: 805 daAuts
  Temple: 280 daAuts
     D:7: 57 daAuts
